 Dungeon Crawl Stone Soup version 0.27.1-33-g824d729ab1 (webtiles) character file.

Game seed: 14384688312592710632

131 Cykl0x the Ruffian (level 5, -3/30 HPs)
             Began as a Gargoyle Transmuter on Dec 12, 2021.
             Slain by an orc (6 damage)
             ... on level 3 of the Dungeon.
             The game lasted 00:06:00 (2705 turns).

Cykl0x the Ruffian (Gargoyle Transmuter)            Turns: 2705, Time: 00:06:00

Health: -3/30      AC:  9    Str: 15    XL:     5   Next: 14%
Magic:  6/8        EV: 10    Int: 13    God:
Gold:   60         SH:  0    Dex: 10    Spells: 6/9 levels left

rFire    . . .     SeeInvis .   c - +0 falchion
rCold    . . .     Faith    .   (no shield)
rNeg     + . .     Spirit   .   j - +0 ring mail
rPois    ∞         Reflect  .   (helmet currently unavailable)
rElec    +         Harm     .   (no cloak)
rCorr    +         Rampage  .   (no gloves)
Will     +....                  (boots currently unavailable)
Stlth    ..........             (no amulet)
HPRegen  0.10/turn              n - ring of willpower
MPRegen  0.11/turn              o - ring of resist corrosion

@: appendages (expiring), wereblooded
A: horns 2, talons 2, sickness immunity, AC +4, negative energy resistance 1,
electricity resistance, torment resistance 1, petrification resistance
a: End Transformation


You were on level 3 of the Dungeon.
You had temporarily grown beastly horns and talons.
You visited 1 branch of the dungeon, and saw 3 of its levels.

You collected 80 gold pieces.
You spent 20 gold pieces at shops.

Inventory:

Hand Weapons
 c - a +0 falchion (weapon)
 e - a +1 dagger
 l - a +0 rapier
 p - a +1 short sword of venom
Armour
 a - a +0 robe
 f - a +0 buckler
 j - a +0 ring mail (worn)
Jewellery
 n - a ring of willpower (left hand)
 o - a ring of resist corrosion (right hand)
Wands
 m - a wand of paralysis (2)
Scrolls
 i - 2 scrolls of teleportation
Potions
 b - a potion of degeneration
 d - 2 potions of heal wounds
 g - a potion of attraction
 h - a potion of berserk rage
 k - a potion of haste
 q - a potion of mutation {unknown}
 r - a potion of curing {unknown}
 s - 2 potions of lignification {unknown}


   Skills:
 * Level 2.2 Fighting
 - Level 0.9(1.1) Short Blades
 * Level 0.7(1.0) Long Blades
 * Level 2.0 Armour
 + Level 2.0 Dodging
 * Level 0.5 Shields
 - Level 3.0 Unarmed Combat
 + Level 2.6 Spellcasting
 + Level 2.2 Transmutations


You had 6 spell levels left.
You knew the following spells:

 Your Spells              Type           Power      Damage    Failure   Level
a - Beastly Appendage     Tmut           14%        N/A       19%         1
b - Wereblood             Tmut           7%         N/A       26%         2

Your spell library contained the following spells:

 Spells                   Type           Power      Damage    Failure   Level
 Slow                     Hex            1%         N/A       56%         2
 Spider Form              Tmut/Pois      2%         N/A       65%         3
 Confusing Touch          Hex            1%         N/A       80%         3
 Vampiric Draining        Necr           0%         2d6       80%         3
 Ice Form                 Ice/Tmut       4%         N/A       96%         4


Dungeon Overview and Level Annotations

Branches:
Dungeon (3/15)

Altars:
Nemelex Xobeh

Shops:
D:1 *


Innate Abilities, Weirdness & Mutations

You have temporarily grown beastly horns and talons.
You are immune to sickness and miasma.
Your stone body is resilient. (AC +4)
You are immune to poison.
You resist negative energy. (rN+)
You are resistant to electric shocks. (rElec)
You are resistant to unholy torment.
You are immune to petrification.


Message History

The orc hits you but does no damage.
The orc priest mumbles some strange prayers to Beogh against you.
Beogh smites you! The orc hits you but does no damage. x2
You closely miss the orc. Your headbutt misses the orc.
The orc is lightly wounded.
Your transformation is almost over.
The orc priest begins to cast a cantrip, but forgets the words!
The orc closely misses you.
You slash the orc!
You feel a bit better.
You kill the orc!
The orc closely misses you.
You riposte.
You hit the orc.
The orc is severely wounded.
You hit the orc.
You feel a bit better.
You kill the orc!
The orc misses you.
You hit the orc priest. You headbutt the orc priest.
The orc priest is heavily wounded.
The orc hits you with a +0 mace.
The orc priest invokes the aid of Beogh against you.
Pain shoots through your body! The orc closely misses you.
You riposte.
You closely miss the orc. Your kick misses the orc. You hit the orc priest.
The orc priest is severely wounded.
The orc priest looks encouraged for a moment.
The orc hits you but does no damage.
The orc priest hits you but does no damage.
You closely miss the orc priest. Your headbutt misses the orc priest.
The orc priest is severely wounded.
You howl as the wereblood boils in your veins!
The orc hits you with a +0 mace.
The orc priest calls down the wrath of Beogh upon you.
Beogh smites you!
* * * LOW HITPOINT WARNING * * *
You hit the orc priest. Your kick misses the orc priest.
The orc priest is almost dead.
The orc barely misses you.
You riposte.
You barely miss the orc. You claw the orc!
The orc is almost dead.
The orc priest closely misses you. The orc hits you with a +0 mace.
You die...

...###########..#...#..####..####
##.# #..#.[.#........# ## #...
#..#(..'........###. #...
#..#####..####...##. #....
#..#..)...'..#...##)
#<.#..#.⌠.#..#......
#..####...#..#...###
#........#####...#
#.o@.....).(#P...#
#.o####..#..#....#
.....#.)#..####P..##
.......#.['.)#..#...#
.......####..'.)#...#
.............####P..#
....................#
#####...............##
#########..###.....#


You could see an orc priest and an orc.

Vanquished Creatures
  Jessica (D:2)
  3 adders
  2 dart slugs (D:1)
  6 orcs (D:3)
  8 ball pythons
  5 bats
  5 endoplasms
  2 giant cockroaches (D:1)
  11 goblins
  4 hobgoblins
  4 jackals (D:1)
  4 frilled lizards
  5 kobolds
  3 rats
63 creatures vanquished.

Vanquished Creatures (others)
  2 demonic plants (D:1)
  A plant (D:3)
  A withered plant (D:1)
4 creatures vanquished.

Grand Total: 67 creatures vanquished

Notes
Turn   | Place    | Note
-------+----------+-------------------------------------------
     0 | D:1      | Cykl0x the Gargoyle Transmuter began the quest for the Orb.
     0 | D:1      | Reached XP level 1. HP: 12/12 MP: 3/3
    58 | D:1      | Found a faded altar of an unknown god.
    89 | D:1      | Reached XP level 2. HP: 12/16 MP: 1/5
   102 | D:1      | Reached skill level 1 in Armour
   106 | D:1      | Learned a level 2 spell: Wereblood
   377 | D:1      | Found Minn's General Store.
   389 | D:1      | Bought a scroll of identify for 20 gold pieces
   912 | D:1      | Reached XP level 3. HP: 21/21 MP: 2/6
  1327 | D:2      | Noticed Jessica
  1336 | D:2      | Killed Jessica
  1337 | D:2      | Reached XP level 4. HP: 21/26 MP: 3/7
  1617 | D:2      | Found a sparkling altar of Nemelex Xobeh.
  2453 | D:3      | Reached XP level 5. HP: 24/30 MP: 6/8
  2705 | D:3      | Slain by an orc

Illustrated notes

Levels and vault maps discovered:
D:1:      lemuel_arrival_lava_pool, layout_basic, serial_shops,
          nicolae_lakefront_shop, shapermc_ecumenical_altar_gd
D:2:      layout_rooms, basic_altar, uniq_jessica
D:3:      corexii_shack_village, layout_basic

Skill      XL: |  1  2  3  4  5 |
---------------+----------------+-----
Armour         | 1 2 |  2.0
Transmutations | 2 |  2.2
Fighting       | 2 |  2.2
Dodging        | 2 |  2.0
Short Blades   | |  0.9
Long Blades    | |  0.7
Shields        | |  0.5
Unarmed Combat | |  3.0
Spellcasting   | |  2.6

Action                   |  1- 3 |  4- 6 || total
-------------------------+-------+-------++-------
Melee: Unarmed           |    45 |       ||    45
       Kick              |    14 |    16 ||    30
       Headbutt          |     9 |    11 ||    20
       Dagger            |    27 |    59 ||    86
       Punch             |     1 |     1 ||     2
       Falchion          |       |    62 ||    62
       Rapier            |       |     8 ||     8
 Cast: Beastly Appendage |    17 |    19 ||    36
       Wereblood         |    10 |    11 ||    21
  Use: Scroll            |     4 |     4 ||     8
Armor: Robe              |    16 |    32 ||    48
       Ring mail         |       |    48 ||    48
Dodge: Dodged            |    51 |    85 ||   136
       Rpst.: Falchion   |       |     9 ||     9
